Map: Acropolis LE

Players

Silky

  • Race: Zerg Zerg
  • Spawn Location: 11:00

Hellraiser - Winner!

  • Race: Protoss Protoss
  • Spawn Location: 5:00

VOD

Have the link to the VOD?

Description

Time

  • Played on: Sept. 6, 2019, 1:20 p.m.
  • Length: 13:10
Show
View Real Time Build Order
Export as new Build Order

Silky Zerg 

Build Orders: Hatch First, Brood Lord Corruptor 

Get SALT Encoding   

  12  0:00  Drone  
  13  0:12  Overlord  
  13  0:17  Drone  
  14  0:31  Drone x2  
  16  0:47  Hatchery  
  15  0:50  Drone  
  15  0:54  Drone  
  17  0:57  Drone  
  18  1:08  Extractor  
  17  1:13  Spawning Pool  
  17  1:15  Drone  
  17  1:20  Drone  
  18  1:29  Drone  
  19  1:38  Drone  
  20  1:49  Overlord  
  20  1:59  Queen x2  
  20  2:00  Zergling x4  
  26  2:10  Drone  
  26  2:11  Drone  
  28  2:21  Drone  
  28  2:22  Drone  
  30  2:30  Hatchery  
  30  2:32  Drone  
  30  2:36  Pneumatized Carapace  
  30  2:42  Drone  
  31  2:44  Overlord  
  31  2:49  Metabolic Boost  
  31  2:55  Zergling x2  
  31  2:56  Zergling x2  
  33  2:58  Drone  
  33  3:02  Queen  
  33  3:04  Drone  
  37  3:09  Drone x2  
  39  3:16  Drone x3  
  42  3:27  Overlord  
  42  3:32  Drone x2  
  41  3:41  Spore Crawler  
  41  3:47  Drone x7  
  45  3:54  Drone  
  45  3:55  Drone x2  
  48  4:01  Spore Crawler, Queen  
  49  4:03  Drone x2  
  49  4:07  Drone  
  52  4:13  Overlord  
  52  4:15  Drone  
  52  4:16  Drone  
  54  4:22  Drone  
  54  4:24  Drone x2  
  57  4:25  Overlord  
  57  4:27  Spore Crawler  
  57  4:29  Roach Warren  
  55  4:33  Drone  
  55  4:35  Drone  
  57  4:39  Lair  
  57  4:43  Overlord, Queen  
  57  4:44  Zergling x2  
  60  4:46  Zergling x2  
  60  4:50  Drone x3, Extractor  
  60  4:52  Extractor  
  62  4:54  Drone x3  
  65  5:01  Overlord  
  65  5:02  Drone x3  
  65  5:04  Drone x3  
  71  5:07  Spore Crawler  
  71  5:09  Drone x2  
  71  5:10  Drone  
  73  5:16  Overlord  
  73  5:18  Overlord  
  73  5:21  Extractor  
  72  5:22  Evolution Chamber  
  72  5:25  Drone x3  
  74  5:29  Overlord x2  
  74  5:36  Roach x4  
  74  5:37  Roach x2  
  74  5:42  Drone x2  
  86  5:49  Drone x3  
  88  5:51  Zerg Melee Weapons Level 1  
  88  5:52  Drone  
  88  5:53  Baneling Nest, Drone x2  
  90  5:57  Overseer  
  90  5:58  Glial Reconstitution  
  90  6:02  Overlord  
  90  6:04  Zergling x2  
  90  6:08  Extractor, Drone x2  
  90  6:09  Drone x3  
  90  6:10  Roach  
  97  6:14  Spore Crawler  
  96  6:18  Overlord  
  96  6:21  Drone x3  
  98  6:31  Overlord  
  98  6:35  Drone x2  
  98  6:36  Centrifical Hooks  
  98  6:38  Hatchery  
  98  6:39  Overlord  
  99  6:42  Overlord  
  99  6:44  Zergling x2, Roach x4  
  99  6:45  Zergling x2  
  109  6:47  Overlord  
  109  6:51  Overlord  
  109  6:56  Queen  
  109  6:59  Overseer  
  111  7:05  Spire  
  111  7:07  Extractor  
  109  7:08  Drone  
  109  7:09  Drone x2  
  109  7:10  Drone x2  
  109  7:11  Drone x2  
  116  7:20  Overlord  
  116  7:22  Drone  
  117  7:27  Overlord  
  117  7:37  Overlord  
  117  7:49  Overlord  
  115  7:52  Overlord  
  115  8:05  Overlord  
  115  8:07  Zerg Melee Weapons Level 2  
  115  8:15  Drone x3  
  115  8:16  Drone x4  
  115  8:17  Drone x2  
  115  8:18  Extractor  
  115  8:19  Zergling x2, Roach x2  
  129  8:20  Zergling x18  
  129  8:22  Zerg Flyer Weapons Level 1  
  129  8:23  Overlord  
  137  8:27  Hatchery  
  137  8:30  Corruptor x2  
  137  8:31  Corruptor  
  141  8:34  Corruptor x2  
  141  8:40  Infestation Pit  
  143  8:42  Corruptor x4  
  143  8:43  Corruptor x4  
  143  8:45  Extractor  
  143  8:46  Overlord  
  158  8:49  Ravager  
  158  8:50  Overlord, Ravager  
  158  8:51  Overlord, Zergling x4  
  158  8:52  Zergling x2  
  162  8:59  Ravager x3  
  162  9:00  Hatchery  
  162  9:01  Zergling x4  
  166  9:03  Drone x3  
  166  9:06  Spore Crawler  
  167  9:21  Ravager x4  
  167  9:22  Ravager  
  172  9:25  Hive  
  172  9:26  Zergling x20  
  172  9:28  Overlord  
  172  9:30  Hatchery  
  181  9:35  Overlord  
  181  9:40  Drone x4  
  181  9:41  Spine Crawler x3  
  181  9:43  Roach x4  
  190  9:49  Roach x3  
  196  9:55  Corruptor  
  196  9:59  Overlord  
  197  10:10  Zergling x2, Roach  
  197  10:13  Baneling x28  
  198  10:25  Zergling x4  
  198  10:26  Zergling x4  
  199  10:38  Greater Spire  
  199  10:47  Baneling x12  
  198  10:51  Baneling x8  
  190  11:10  Zergling x26  
  193  11:23  Zergling x2, Roach  
  193  11:24  Roach x19  
  189  11:32  Zergling x32  
  199  11:37  Corruptor x4  
  198  11:42  Zergling x2  
  198  11:43  Zergling x2  
  188  11:50  Roach x9  
  188  11:51  Roach x3  
  181  11:58  Zergling x10  
  167  12:02  Brood Lord  
  167  12:07  Brood Lord x4  
  159  12:11  Brood Lord  
  157  12:16  Drone x2  
  157  12:21  Ravager x2  
  157  12:22  Ravager x2  
  163  12:23  Zergling x2  
  163  12:24  Zergling x18  
  170  12:36  Zergling x22  
  149  12:46  Brood Lord x3  
  149  12:47  Zergling x4  
Show
View Real Time Build Order
Export as new Build Order

Hellraiser Protoss - Winner!

Build Orders: 1 Gate Expand, Oracle Opening, Phoenix Opening 

Get SALT Encoding   

  12  0:00  Probe  
  13  0:12  Probe  
  14  0:20  Pylon  
  14  0:25  Probe  
  15  0:34  Probe  
  15  0:38  Gateway  
  15  0:42  Probe  
  16  0:48  Assimilator  
  17  0:53  Probe  
  18  1:05  Probe  
  19  1:20  Nexus  
  19  1:23  Probe  
  20  1:34  Cybernetics Core  
  20  1:37  Probe  
  21  1:42  Assimilator  
  21  1:49  Probe  
  21  1:51  Pylon  
  22  2:01  Probe, Adept  
  23  2:13  Probe  
  26  2:16  Stargate  
  26  2:21  Adept  
  26  2:25  Warp Gate, Probe  
  26  2:29  Probe  
  30  2:37  Probe x2  
  32  2:47  Probe  
  32  2:49  Probe  
  32  2:51  Stalker  
  36  2:56  Phoenix  
  36  2:59  Probe  
  36  3:02  Probe  
  40  3:11  Probe  
  41  3:14  Probe  
  42  3:23  Gateway, Probe  
  42  3:26  Probe  
  44  3:35  Probe  
  44  3:38  Probe  
  46  3:47  Probe  
  45  3:49  Pylon  
  45  3:51  Shield Battery, Probe  
  44  3:58  Oracle, Assimilator  
  44  3:59  Probe  
  45  4:03  Probe  
  45  4:04  Pylon  
  45  4:08  Assimilator  
  49  4:10  Pylon  
  49  4:11  Probe, Robotics Facility  
  49  4:15  Pylon, Probe  
  51  4:23  Probe  
  52  4:26  Forge  
  52  4:27  Probe  
  52  4:29  Oracle  
  53  4:31  Adept x2  
  53  4:37  Probe  
  61  4:40  Probe  
  61  4:42  Pylon  
  62  4:48  Nexus  
  62  4:52  Probe  
  63  4:53  Probe  
  63  4:58  Protoss Ground Weapons Level 1  
  64  5:00  Observer  
  64  5:01  Oracle  
  64  5:04  Shield Battery, Probe  
  64  5:05  Probe  
  70  5:11  Immortal  
  70  5:16  Probe  
  70  5:17  Probe  
  70  5:20  Sentry  
  74  5:24  Pylon, Sentry  
  80  5:28  Probe  
  80  5:29  Probe  
  80  5:35  Gateway  
  82  5:36  Gateway  
  82  5:38  Immortal  
  82  5:40  Probe  
  83  5:51  Probe, Robotics Bay  
  83  5:53  Probe  
  89  6:00  Probe  
  89  6:01  Pylon  
  90  6:05  Pylon  
  90  6:09  Probe  
  91  6:11  Probe  
  91  6:12  Gateway  
  91  6:14  Immortal, Gateway  
  91  6:15  Probe  
  91  6:16  Sentry  
  91  6:17  Sentry  
  97  6:23  Probe  
  102  6:30  Probe  
  103  6:34  Probe  
  103  6:37  Assimilator  
  103  6:38  Pylon, Assimilator  
  104  6:46  Stalker x2  
  104  6:47  Stalker x2  
  112  6:50  Twilight Council  
  112  6:52  Colossus  
  112  6:58  Photon Cannon  
  112  6:59  Protoss Ground Armor Level 1  
  112  7:01  Gateway x2  
  112  7:08  Probe x2  
  120  7:14  Forge  
  120  7:19  Blink  
  120  7:20  Probe  
  120  7:21  Extended Thermal Lance  
  118  7:31  Colossus, Nexus  
  118  7:33  Pylon  
  118  7:39  Pylon, Probe x2  
  118  7:40  Photon Cannon  
  120  7:44  Probe  
  127  7:57  Protoss Ground Weapons Level 2  
  127  7:58  Probe  
  125  8:00  Probe  
  125  8:03  Shield Battery  
  125  8:04  Shield Battery  
  125  8:05  Probe  
  127  8:07  Colossus, Photon Cannon  
  127  8:10  Probe  
  128  8:18  Probe  
  128  8:19  Pylon  
  129  8:21  Probe  
  136  8:27  Pylon  
  136  8:28  Assimilator  
  136  8:30  Shield Battery, Assimilator, Stalker x4  
  136  8:32  Photon Cannon  
  144  8:44  Zealot x3  
  144  8:46  Probe x2  
  152  8:51  Templar Archives  
  150  8:56  Gateway  
  150  8:57  Gateway  
  150  9:00  Protoss Ground Armor Level 2  
  156  9:07  Probe x2  
  158  9:10  Immortal, Pylon  
  158  9:11  Pylon  
  158  9:14  Pylon  
  158  9:17  Psionic Storm  
  158  9:20  Charge  
  156  9:25  Stalker x3  
  156  9:26  Stalker x3  
  168  9:35  High Templar x2  
  172  9:39  Immortal  
  172  9:45  Nexus  
  172  9:49  Photon Cannon  
  172  9:51  Shield Battery  
  176  9:54  High Templar  
  176  9:55  High Templar x2  
  176  9:59  Photon Cannon  
  182  10:00  Shield Battery, Zealot x2  
  182  10:04  Gravitic Drive  
  184  10:08  Nexus  
  184  10:11  Warp Prism  
  182  10:17  Probe x3  
  182  10:18  Probe  
  182  10:20  Gateway  
  188  10:21  Gateway  
  186  10:32  High Templar  
  186  10:33  High Templar x2  
  186  10:34  High Templar, Stalker x3  
  200  10:36  Archon  
  200  10:38  Archon  
  200  10:57  Protoss Shields Level 1  
  200  11:00  Gravitic Boosters  
  196  11:09  Stalker  
  196  11:10  Stalker x7  
  199  11:12  Observer  
  143  11:26  Archon  
  143  11:27  Archon  
  143  11:28  Stalker x4  
  143  11:32  Stalker x2  
  143  11:33  Stalker x6  
  143  11:39  Probe x3  
  162  11:46  Probe x2  
  164  11:51  Probe x3  
  163  11:56  Zealot x4, Stalker  
  163  11:57  Zealot x7  
  163  11:58  Probe x2  
  177  12:03  Probe x3  
  177  12:07  Observer  
  180  12:10  Probe x2  
  183  12:15  Probe x2  
  185  12:27  Nexus  
  185  12:28  Assimilator  
  185  12:33  Assimilator  
  185  12:36  Zealot x9  
  200  12:42  Dark Shrine  
  192  12:47  Zealot x3  
  172  13:06  Stalker x9  
  172  13:08  High Templar x3  
Tags
 
Add a new tag
Caveats
  • Supply blocks, unpowered buildings, or Contaminate may cause inaccurate times.
  • Supply counts are checked every 10 seconds.